 Dungeon Crawl Stone Soup version 0.29.1-15-g9cfb28693d (webtiles) character file.

Game seed: 17702336769353411772

241 promet the Protected (level 6, -4/44 HPs)
             Began as a Gnoll Wanderer on Mar 13, 2023.
             Killed by divine providence
             ... invoked by an orc priest
              (12 damage)
             ... on level 4 of the Dungeon.
             The game lasted 00:15:37 (4710 turns).

promet the Protected (Gnoll Wanderer)               Turns: 4710, Time: 00:15:37

Health: -4/44      AC:  9    Str:  9    XL:     6   Next: 8%
Magic:  8/8        EV:  9    Int:  7    God:
Gold:   174        SH:  0    Dex: 20    Spells: 8/8 levels left

rFire   . . .      SeeInvis .   c - +0 war axe
rCold   . . .      Faith    .   (no shield)
rNeg    . . .      Spirit   .   d - +1 scale mail
rPois   .          Reflect  .   (no helmet)
rElec   .          Harm     .   (no cloak)
rCorr   .          Rampage  .   (no gloves)
Will    .....                   (no boots)
Stlth   +.........              (no amulet)
HPRegen 0.14/turn               (no ring)
MPRegen 0.11/turn               (no ring)

@: no status effects
A: fangs 1, strong nose, distributed training
a: no special abilities


You were on level 4 of the Dungeon.
You visited 1 branch of the dungeon, and saw 4 of its levels.

You collected 174 gold pieces.

Inventory:

Hand Weapons
 a - a +2 vampiric dagger
 b - a +0 vorpal sling
 c - a +0 war axe (weapon)
 o - a +0 falchion
 x - a +0 flail
Missiles
 g - 34 stones (quivered)
 h - 4 atropa-tipped darts
 l - 5 curare-tipped darts
Armour
 d - a +1 scale mail (worn)
Jewellery
 f - a ring of poison resistance
 k - a ring of flight
Scrolls
 p - 2 scrolls of fog
 r - a scroll of enchant armour
 w - a scroll of identify
Potions
 e - 2 potions of attraction
 i - a potion of invisibility {unknown}
 j - a potion of berserk rage
 m - a potion of heal wounds {unknown}
 n - 3 potions of curing
 q - a potion of ambrosia {unknown}
 t - a potion of magic {unknown}
 u - 2 potions of cancellation {unknown}
 v - 2 potions of flight {unknown}


   Skills:
 + Level 1.8 Fighting
 + Level 1.8 Short Blades
 + Level 4.9 Long Blades
 + Level 1.8 Axes
 + Level 1.8 Maces & Flails
 + Level 1.8 Polearms
 + Level 1.8 Staves
 + Level 1.8 Ranged Weapons
 + Level 4.9 Throwing
 + Level 8.7 Armour
 + Level 1.8 Dodging
 + Level 3.0 Stealth
 + Level 1.8 Shields
 + Level 1.8 Unarmed Combat
 + Level 1.8 Spellcasting
 + Level 1.4 Conjurations
 + Level 1.4 Hexes
 + Level 1.4 Summonings
 + Level 1.4 Necromancy
 + Level 1.4 Translocations
 + Level 1.4 Transmutations
 + Level 1.4 Fire Magic
 + Level 1.4 Ice Magic
 + Level 1.4 Air Magic
 + Level 1.4 Earth Magic
 + Level 1.4 Poison Magic
 + Level 2.0 Invocations
 + Level 3.2 Evocations


You had 8 spell levels left.
You didn't know any spells.
Your spell library contained the following spells:

 Spells                   Type           Power      Damage    Failure   Level
 Apportation              Tloc           4%         N/A       75%         1
 Alistair's Intoxication  Tmut/Pois      1%         N/A       100%        5


Dungeon Overview and Level Annotations

Branches:
Dungeon (4/15)             Temple (0/1) D:4

Altars:


Innate Abilities, Weirdness & Mutations

You have very sharp teeth.
Your uncanny sense of smell can sniff out nearby items.
Your experience applies equally to all skills.


Message History

The orc priest looks satisfied for a moment.
The orc wizard gestures at you while chanting.
The puff of flame misses you.
You hit the orc but do no damage. You hit the orc wizard.
The orc hits you but does no damage.
The orc priest looks satisfied for a moment.
The orc wizard hits you with a +0 mace.
As you read the scroll of fog, it crumbles to dust.
The scroll dissolves into smoke.
The orc closely misses you. The orc wizard hits you with a +0 mace.
You slash the orc!
You kill the orc!
You miss the orc wizard. The orc wizard barely misses you.
The orc wizard hits you but does no damage.
The orc hits you with a +0 flail.
You barely miss the orc. Your punch misses the orc. You hit the orc wizard.
The orc wizard hits you with a +0 mace.
* * * LOW HITPOINT WARNING * * *
The orc closely misses you.
You barely miss the orc. You completely miss the orc wizard.
The orc wizard mumbles some strange words.
The orc wizard flickers and vanishes!
Deactivating autopickup; reactivate with Ctrl-A.
You miss something. You completely miss the orc. Something hits you.
* * * LOW HITPOINT WARNING * * *
The orc barely misses you.
You closely miss something. Your bite misses something.
You closely miss the orc. Something hits you but does no damage.
The orc hits you but does no damage.
You miss something. You barely miss the orc. Something hits you.
* * * LOW HITPOINT WARNING * * *
The orc priest mumbles some strange prayers to Beogh against you.
Something writhes in agony!
Reactivating autopickup.
You feel a bit more experienced. The orc barely misses you. x2
You closely miss the orc priest. You hit the orc.
You kill the orc!
The orc priest invokes the aid of Beogh against you.
Beogh smites you!
You die...

##...###.##.##.#∆
#....###.##....#
#........#######
#...)##### #....#
#....# #§§§§#
#§§§§### #.#@§§)#
### #..#o##)# ...
#.##§##.##.##
#.#.....o...#..
#........).....
#.#..⌠.o.⌠..##.
#.#.........#
#......>.......
#.#.........#..


You could see an orc priest.

Vanquished Creatures
  A scorpion (D:4)
  Jessica (D:3)
  An orc wizard (D:3)
  5 adders
  2 worms
  2 dart slugs
  13 orcs
  6 endoplasms
  4 giant cockroaches
  6 goblins
  3 hobgoblins
  4 kobolds
  3 quokkas
  8 ball pythons
  5 bats
  2 frilled lizards (D:3)
  4 rats
70 creatures vanquished.

Vanquished Creatures (others)
  An orc wizard (D:4)
1 creature vanquished.

Grand Total: 71 creatures vanquished

Notes
Turn   | Place    | Note
-------+----------+-------------------------------------------
     0 | D:1      | promet the Gnoll Wanderer began the quest for the Orb.
     0 | D:1      | promet set off with the following items: a +2 dagger, a
                  | curare-tipped dart, a +0 falchion, a +0 scale mail, a
                  | potion of attraction.
     0 | D:1      | Reached XP level 1. HP: 13/13 MP: 1/1
   151 | D:1      | Found a faded altar of an unknown god.
   152 | D:1      | Noticed a shining eye
   154 | D:1      | Noticed an eye of devastation
   154 | D:1      | Noticed a great orb of eyes
   154 | D:1      | Noticed a great orb of eyes
   663 | D:1      | Reached XP level 2. HP: 19/19 MP: 2/2
  1523 | D:2      | Reached XP level 3. HP: 15/25 MP: 3/3
  1771 | D:2      | Reached skill level 1 in Invocations
  1996 | D:2      | Reached skill level 1 in Fighting
  1996 | D:2      | Reached skill level 1 in Short Blades
  1996 | D:2      | Reached skill level 1 in Axes
  1996 | D:2      | Reached skill level 1 in Maces & Flails
  1996 | D:2      | Reached skill level 1 in Polearms
  1996 | D:2      | Reached skill level 1 in Staves
  1996 | D:2      | Reached skill level 1 in Ranged Weapons
  1996 | D:2      | Reached skill level 1 in Dodging
  1996 | D:2      | Reached skill level 1 in Shields
  1996 | D:2      | Reached skill level 1 in Unarmed Combat
  1996 | D:2      | Reached skill level 1 in Spellcasting
  2788 | D:3      | Reached XP level 4. HP: 11/32 MP: 5/5
  2792 | D:3      | Noticed Jessica
  2803 | D:3      | Killed Jessica
  2804 | D:3      | Reached skill level 1 in Conjurations
  2804 | D:3      | Reached skill level 1 in Hexes
  2804 | D:3      | Reached skill level 1 in Summonings
  2804 | D:3      | Reached skill level 1 in Necromancy
  2804 | D:3      | Reached skill level 1 in Translocations
  2804 | D:3      | Reached skill level 1 in Transmutations
  2804 | D:3      | Reached skill level 1 in Fire Magic
  2804 | D:3      | Reached skill level 1 in Ice Magic
  2804 | D:3      | Reached skill level 1 in Air Magic
  2804 | D:3      | Reached skill level 1 in Earth Magic
  2804 | D:3      | Reached skill level 1 in Poison Magic
  3160 | D:3      | Reached XP level 5. HP: 37/37 MP: 7/7
  4551 | D:4      | Reached XP level 6. HP: 44/44 MP: 8/8
  4663 | D:4      | Found a staircase to the Ecumenical Temple.
  4710 | D:4      | Killed from afar by an orc priest

Illustrated notes

Levels and vault maps discovered:
D:1:      lightli_iron_boxes, layout_basic,
          hellmonk_ecumenical_altar_watching_god, nicolae_figureground_sparkle
D:2:      layout_basic
D:3:      layout_basic, uniq_jessica
D:4:      layout_basic, minmay_temple_entry_large_hall,
          ebering_ghost_rock_garden, kennysheep_cross_bottleneck

Skill      XL: |  1  2  3  4  5 |
---------------+----------------+-----
Invocations    | 1 2 |  2.0
Fighting       | 1 |  1.8
Short Blades   | 1 |  1.8
Axes           | 1 |  1.8
Maces & Flails | 1 |  1.8
Polearms       | 1 |  1.8
Staves         | 1 |  1.8
Ranged Weapons | 1 |  1.8
Dodging        | 1 |  1.8
Shields        | 1 |  1.8
Unarmed Combat | 1 |  1.8
Spellcasting   | 1 |  1.8
Conjurations   | 1 |  1.4
Hexes          | 1 |  1.4
Summonings     | 1 |  1.4
Necromancy     | 1 |  1.4
Translocations | 1 |  1.4
Transmutations | 1 |  1.4
Fire Magic     | 1 |  1.4
Ice Magic      | 1 |  1.4
Air Magic      | 1 |  1.4
Earth Magic    | 1 |  1.4
Poison Magic   | 1 |  1.4
Evocations     | 3 |  3.2
Stealth        | 3 |  3.0
Long Blades    | |  4.9
Throwing       | |  4.9
Armour         | |  8.7

Action                   |  1- 3 |  4- 6 || total
-------------------------+-------+-------++-------
Melee: Dagger            |   115 |    68 ||   183
       Bite              |    13 |    17 ||    30
       Punch             |     2 |       ||     2
       War axe           |       |    71 ||    71
Throw: Stone             |       |     7 ||     7
  Use: Scroll            |     8 |     3 ||    11
       Potion            |       |     1 ||     1
 Stab: Sleeping          |     1 |     1 ||     2
Armor: Scale mail        |    61 |    67 ||   128
Dodge: Dodged            |    42 |    72 ||   114
